 Dungeon Crawl Stone Soup version 0.30.0-19-g36f170ea60 (webtiles) character file.

Game seed: 14027157426546480890

49 nonceun the Chopper (level 3, -1/46 HPs)
             Began as a Minotaur Berserker on May 27, 2023.
             Was a Believer of Trog.
             Slain by Natasha (6 damage)
             ... on level 2 of the Dungeon.
             The game lasted 00:02:54 (1349 turns).

nonceun the Chopper (Minotaur Berserker)            Turns: 1349, Time: 00:02:54

Health: -1/46      AC:  5    Str: 21    XL:     3   Next: 51%
Magic:  2/2        EV: 11    Int:  6    God:    Trog [**....]
Gold:   46         SH:  0    Dex:  9    Spells: 2/2 levels left

rFire   . . .        a - +0 hand axe
rCold   . . .        (no shield)
rNeg    . . .        g - +0 ring mail
rPois   .            (helmet restricted)
rElec   .            (no cloak)
rCorr   .            (no gloves)
SInv    .            (no boots)
Will    .....        (no amulet) Stlth
                     (no ring)
HPRegen 0.27/turn    (no ring)
MPRegen 0.08/turn

%: no passive effects
@: berserking, slowed
A: horns 2, retaliatory headbutt
a: Renounce Religion, Berserk, Trog's Hand


You were on level 2 of the Dungeon.
You worshipped Trog.
Trog was pleased with you.
You visited 1 branch of the dungeon, and saw 2 of its levels.

You collected 46 gold pieces.

Inventory:

Hand Weapons
 a - a +0 hand axe (weapon)
Armour
 g - a +0 ring mail (worn)
Scrolls
 c - 5 scrolls of identify {unknown}
 d - a scroll of magic mapping {unknown}
 e - a scroll of torment {unknown}
 f - 2 scrolls of teleportation {unknown}
 k - a scroll of amnesia {unknown}
 m - a scroll of fear {unknown}
Potions
 b - a potion of haste {unknown}
 h - a potion of magic {unknown}
 i - a potion of brilliance {unknown}
 j - a potion of mutation {unknown}
 l - a potion of flight {unknown}


   Skills:
 - Level 3.6 Fighting
 + Level 5.5 Axes
 - Level 2.4 Armour
 - Level 2.1 Dodging


You had 2 spell levels left.
You didn't know any spells.
Your spell library was empty.

Dungeon Overview and Level Annotations

Branches:
Dungeon (2/15)

Altars:

Annotations:
D:2 1 runed translucent door, Crazy Yiuf, Natasha


Innate Abilities, Weirdness & Mutations

You have a pair of horns on your head.
You reflexively headbutt those who attack you in melee.


Message History

You hit the hobgoblin.
The hobgoblin is almost dead.
The hobgoblin hits you but does no damage.
You barely miss the hobgoblin.
The hobgoblin is severely wounded.
The hobgoblin closely misses you.
You hit the hobgoblin.
You headbutt the hobgoblin, but do no damage.
The hobgoblin is almost dead.
The hobgoblin closely misses you. You furiously retaliate!
You headbutt the hobgoblin.
You kill the hobgoblin!
Trog accepts your kill.
You open the door.
Found a stone staircase leading down.
There is an open door here.
You now have 46 gold pieces (gained 3).
You open the door.
There is an open door here.
Natasha, Servant of Life and Death comes into view.
She is carrying a wand of roots (6).
Natasha hisses angrily.
You see here a staff of earth.
Natasha claws you!
You miss Natasha.
Natasha mumbles some strange words.
You closely miss Natasha.
Natasha stares at you and mumbles some strange words.
You feel yourself slow down. The cerulean imp barely misses you.
You completely miss Natasha.
Natasha stares at you and mumbles some strange words.
The magic dart hits you. The cerulean imp completely misses you.
Natasha claws you.
A red film seems to cover your vision as you go berserk!
You feel yourself moving faster!
You feel mighty! The cerulean imp barely misses you. Natasha claws you!
* * * LOW HITPOINT WARNING * * *
The cerulean imp hits you from afar with a +1 spear.
* * * LOW HITPOINT WARNING * * *
You closely miss Natasha. Natasha claws you.
You die...

#.....# #.##### # #+## #.#
#######. ##...## #.# #......
##.....# # ##.## #.##.##
##....>..
####...#########.#...####........
+.......................'........
####...#########|#...####........
# ##.## #@##.## ##....... #.#
#.h.### ##.....# #.# #..5#
##...## #.# #...# ##'## ### #.#
##.## #.# ..# #.# #.# #.# #.# #.#
#.# ##.## ..###.# #.# ##...##
......# #.....#


You could see Natasha and a cerulean imp (summoned).

Vanquished Creatures
  An adder (D:2)
  A worm (D:2)
  A dart slug (D:2)
  2 ball pythons
  5 endoplasms
  3 giant cockroaches
  A goblin (D:1)
  5 hobgoblins
  A quokka (D:1)
  5 bats
  2 frilled lizards (D:1)
  6 rats
33 creatures vanquished.

Notes
Turn   | Place    | Note
-------+----------+-------------------------------------------
     0 | D:1      | nonceun the Minotaur Berserker began the quest for the Orb.
     0 | D:1      | Reached XP level 1. HP: 19/19 MP: 0/0
   123 | D:1      | Reached skill level 4 in Axes
   224 | D:1      | Reached XP level 2. HP: 25/26 MP: 1/1
   906 | D:2      | Reached ** piety under Trog
   907 | D:2      | Reached skill level 5 in Axes
  1015 | D:2      | Reached XP level 3. HP: 27/31 MP: 2/2
  1235 | D:2      | Found a runed translucent door.
  1236 | D:2      | Noticed Crazy Yiuf
  1343 | D:2      | Noticed Natasha
  1349 | D:2      | Slain by Natasha

Illustrated notes

Levels and vault maps discovered:
D:1:      dpeg_arrival_stonehenge_8_columns, layout_basic, minmay_distorted
D:2:      layout_loops_corners, uniq_crazy_yiuf_cottage, uniq_natasha

Skill      XL: |  1  2 |
---------------+-------+-----
Axes           | 4 5 |  5.5
Fighting       | |  3.6
Armour         | |  2.4
Dodging        | |  2.1

Action                     || total
---------------------------++-------
  Melee: Hand axe          ||    64
         Headbutt          ||    14
         Punch             ||     1
 Invoke: Berserk           ||     1
 Armour: Animal skin       ||     6
         Ring mail         ||    15
  Dodge: Dodged            ||    26
